 Dungeon Crawl Stone Soup version 0.28.0-45-g0d030f2227 (webtiles) character file.

Game seed: 4151413992018889634

26 zeratav the Caller (level 3, -4/19 HPs)
             Began as a Tengu Summoner on Apr 10, 2022.
             Succumbed to Terence's poison
             ... on level 2 of the Dungeon.
             The game lasted 00:04:54 (1911 turns).

zeratav the Caller (Tengu Summoner)                 Turns: 1911, Time: 00:04:55

Health: -4/19      AC:  2    Str:  8    XL:     3   Next: 8%
Magic:  2/7        EV: 12    Int: 17    God:
Gold:   51         SH:  0    Dex: 14    Spells: 3/6 levels left

rFire   . . .      SeeInvis .   b - +0 club {mace}
rCold   . . .      Faith    .   (no shield)
rNeg    . . .      Spirit   .   a - +0 robe
rPois   .          Reflect  .   (helmet restricted)
rElec   .          Harm     .   (no cloak)
rCorr   .          Rampage  .   (no gloves)
Will    .....                   (boots unavailable)
Stlth   ++........              (no amulet)
HPRegen 0.06/turn               (no ring)
MPRegen 0.10/turn               (no ring)

@: lethally poisoned (-4 -> -38)
A: beak, talons 3
a: no special abilities


You were on level 2 of the Dungeon.
You visited 1 branch of the dungeon, and saw 2 of its levels.

You collected 51 gold pieces.


Innate Abilities, Weirdness & Mutations

You have a beak for a mouth.
You have claws for feet.


   Skills:
 - Level 2.1 Dodging
 - Level 2.0 Stealth
 + Level 2.4 Spellcasting
 * Level 5.6 Summonings


You had 3 spell levels left.
You knew the following spells:

 Your Spells              Type           Power      Damage    Failure   Level
a - Summon Small Mammal   Summ           84%        N/A       1%          1
b - Call Imp              Summ           21%        N/A       2%          2

Your spell library contained the following spells:

 Spells                   Type           Power      Damage    Failure   Level
 Call Canine Familiar     Summ           21%        N/A       5%          3
 Summon Guardian Golem    Hex/Summ       11%        N/A       17%         3
 Tukima's Dance           Hex            2%         N/A       50%         3
 Summon Lightning Spire   Summ/Air       11%        N/A       50%         4
 Anguish                  Hex/Necr       1%         N/A       88%         4
 Enfeeble                 Hex            1%         N/A       100%        7

Inventory:

Hand Weapons
 b - a +0 club (weapon) {mace}
   (You took it off a goblin on level 1 of the Dungeon)
Armour
 a - a +0 robe (worn)
Jewellery
 c - a ring of protection from fire
   (You found it on level 1 of the Dungeon)
Scrolls
 d - a scroll of magic mapping {unknown}
 e - a scroll of identify {unknown}
 f - a scroll of fog {unknown}

Dungeon Overview and Level Annotations

Branches:
Dungeon (2/15)

Altars:

Annotations:
D:2 Terence

. ##. #.. # #.# #
#.#. #.# ...
#...5##.####...##.#
#.. #.......@@B...#
#.# #.#
#...##ยง####### #.#
#.# . #.# #.# #.#
#.# #.# #.#### #5#
#.# #....# #.# #.#
#.>... #.#
##.###....#
#.########r......#..
#.....@r.<..###....#


You could see Terence, a giant cockroach (ally target) and a friendly crimson
imp (summoned).


Message History

Terence barely misses your crimson imp.
Your rat bites Terence but does no damage.
Your crimson imp barely misses Terence.
Your rat closely misses Terence.
MP[+1] Terence hits your crimson imp with a +1 short sword of venom.
Your rat misses Terence.
Your crimson imp blinks!
Your rat closely misses Terence.
Your rat bites Terence but does no damage. x2
You swap places.
Your crimson imp barely misses Terence.
Your rat closely misses Terence.
Terence hits your crimson imp but does no damage.
Your crimson imp completely misses Terence.
Your rat closely misses Terence.
Your rat bites Terence but does no damage.
Terence hits your crimson imp with a +1 short sword of venom!
Your crimson imp dies!
Your crimson imp disappears in a puff of smoke!
Your rat closely misses Terence.
Casting: Summon Small Mammal (safe; 1% risk of failure)
Confirm with . or Enter, or press ? or * to list all spells.
A beastly little devil appears in a puff of flame.
Your rat closely misses Terence.
MP[-2]
You lost 2 mp, and now have 1/7 mp.
You swap places.
Terence hits your crimson imp with a +1 short sword of venom!
Your crimson imp is poisoned.
Your rat closely misses Terence.
There is a stone staircase leading up here.
Your crimson imp closely misses Terence.
Terence hits your crimson imp with a +1 short sword of venom.
Your crimson imp dies!
Your crimson imp disappears in a puff of smoke!
Your rat bites Terence.
MP[+1]
Casting: Call Imp (safe; 2% risk of failure)
Confirm with . or Enter, or press ? or * to list all spells.
A beastly little devil appears in a puff of flame.
MP[-2]
You lost 2 mp, and now have 0/7 mp.
You swap places.
Your crimson imp hits Terence but does no damage.
Terence barely misses your crimson imp.
Your rat bites Terence but does no damage.
Your crimson imp hits Terence but does no damage.
Terence hits your crimson imp with a +1 short sword of venom.
Your rat closely misses Terence.
Your crimson imp barely misses Terence.
Terence hits your crimson imp with a +1 short sword of venom.
Your rat bites Terence but does no damage. x2
Your crimson imp hits Terence.
Terence misses your crimson imp.
Your rat barely misses Terence.
Your rat bites Terence but does no damage.
Your crimson imp blinks!
Terence shouts, "Now you die!"
MP[+1]
Casting: Call Imp (safe; 2% risk of failure)
Confirm with . or Enter, or press ? or * to list all spells.
MP[-1]
You lost 1 mp, and now have 0/7 mp.
Your bat hits Terence but does no damage.
Your bat hits Terence but does no damage.
Terence hits your bat with a +1 short sword of venom!
Your bat dies!
Your bat's corpse disappears in a puff of smoke!
MP[+1]
A giant cockroach comes into view.
The giant cockroach waves its antennae.
Your rat disappears in a puff of smoke!
The giant cockroach bites you but does no damage.
You hit the giant cockroach but do no damage.
You claw the giant cockroach. The giant cockroach bites you.
Terence barely misses you.
HP[-2]
You take 2 damage, and now have 17/19 hp.
You closely miss the giant cockroach. Your kick misses the giant cockroach.
Your peck misses the giant cockroach. The giant cockroach barely misses you.
Terence barely misses you. The giant cockroach bites you.
HP[-1]
You take 1 damage, and now have 16/19 hp.
You barely miss the giant cockroach.
You claw the giant cockroach, but do no damage.
You peck the giant cockroach, but do no damage.
The giant cockroach completely misses you.
Your crimson imp completely misses Terence.
Terence barely misses you. The giant cockroach barely misses you.
HP[+1]
You barely miss the giant cockroach.
Your crimson imp blinks!
Terence hits you with a +1 short sword of venom.
You are lethally poisoned!
The giant cockroach closely misses you.
Terence hits you with a +1 short sword of venom.
* * * LOW HITPOINT WARNING * * *
You are more poisoned.
HP[-12]
You take 12 damage, and now have 5/19 hp.
MASSIVE DAMAGE!! (PAUSE)
You hit the giant cockroach.
You die...

Skill      XL: |  1 |
---------------+----+-----
Summonings     | 5 |  5.6
Dodging        | |  2.1
Stealth        | |  2.0
Spellcasting   | |  2.4

Action                   || total
-------------------------++-------
Melee: Club              ||    12
       Kick              ||     5
       Peck              ||     3
       Unarmed           ||     1
 Cast: Summon Small Mamm ||    23
       Call Imp          ||    10
Armor: Robe              ||    11
Dodge: Dodged            ||    29

Levels and vault maps discovered:
D:1:      dpeg_arrival_subterranean_lakeside_camping, layout_basic
D:2:      layout_loops_ring, corexii_shack, uniq_crazy_yiuf_cottage,
          uniq_sigmund, uniq_terence

Notes
Turn   | Place    | Note
-------+----------+-------------------------------------------
     0 | D:1      | zeratav the Tengu Summoner began the quest for the Orb.
     0 | D:1      | Reached XP level 1. HP: 10/10 MP: 4/4
     0 | D:1      | magus.rc [v1.9.6]
   245 | D:1      | Reached skill level 5 in Summonings
   365 | D:1      | Reached XP level 2. HP: 7/15 MP: 6/6
   652 | D:1      | Learned a level 2 spell: Call Imp
   773 | D:1      | You pick up a book of Maledictions and begin reading...
   773 | D:1      | You add the spells Tukima's Dance, Anguish and Enfeeble to
                  | your library.
  1544 | D:1      | Reached XP level 3. HP: 19/19 MP: 7/7
  1863 | D:2      | Noticed Terence
  1911 | D:2      | Succumbed to Terence's poison

Vanquished Creatures
  2 goblins (D:1)
  A hobgoblin (D:1)
  A bat (D:1)
  A frilled lizard (D:1)
  A rat (D:1)
6 creatures vanquished.

Vanquished Creatures (collateral kills)
  3 bats (D:1)
  An endoplasm (D:1)
  2 goblins (D:1)
  A hobgoblin (D:1)
  3 ball pythons (D:1)
  A frilled lizard (D:1)
  4 kobolds (D:1)
  5 rats (D:1)
20 creatures vanquished.

Grand Total: 26 creatures vanquished

Table legend:
 A = Non-vault XP
 B = Vault XP
 C = Vault XP percentage of total XP
 D = Non-vault monster count
 E = Vault monster count
 F = Vault count percentage of total count
                 A         B        C        D         E       F
            +---------+---------+-------+---------+---------+-------
      Total |      28 |      10 |  26.3 |      20 |       6 |  23.1
            +---------+---------+-------+---------+---------+-------
        D:1 |      28 |      10 |  26.3 |      20 |       6 |  23.1
            +---------+---------+-------+---------+---------+-------

Illustrated notes

Table legend:
 A = Kills in this place as a percentage of kills in entire the game.
 B = Kills by you in this place as a percentage of kills by you in the entire game.
 C = Kills by friends in this place as a percentage of kills by friends in the entire game.
 D = Other kills in this place as a percentage of other kills in the entire game.
 E = Experience gained in this place as a percentage of experience gained in the entire game.
 F = Experience gained in this place divided by the number of levels of this place that you have seen.
                   A       B       C       D       E      F
               +-------+-------+-------+-------+-------+----------------------
         Total | 100.0 | 100.0 | 100.0 |   N/A | 100.0 |  19.0
       Dungeon | 100.0 | 100.0 | 100.0 |   N/A | 100.0 |  19.0
               +-------+-------+-------+-------+-------+----------------------

Table legend: (Time is in decaauts)
 A = Elapsed time spent in this place.
 B = Non-inter-level travel time spent in this place.
 C = Inter-level travel time spent in this place.
 D = Time resting spent in this place.
 E = Time spent auto-exploring this place.
 F = Levels seen in this place.
 G = Mean time per level.
                   A        B        C        D        E       F      G
               +--------+--------+--------+--------+--------+-----+--------+
         Total |   1920 |   1895 |     25 |   1262 |    195 |   2 |  960.0 |
       Dungeon |   1920 |   1895 |     25 |   1262 |    195 |   2 |  960.0 |
               +--------+--------+--------+--------+--------+-----+--------+

Top non-repeatable levels by time:
     D:1: 1858 daAuts
     D:2: 62 daAuts
